 Dungeon Sprint DCSS version 0.26-a0-651-gb41185065b (webtiles) character file.

Game seed: 9371162173698556193

11932 mhtbhm the Fencer (level 11, 0/125 HPs)
             Began as a Minotaur Fighter on Sept 29, 2020.
             Was the Champion of Makhleb.
             Slain by a sun demon (15 damage)
             ... summoned by an orc high priest
             ... in the Dungeon (Sprint IX: "|||||||||||||||||||||||||||||").
             The game lasted 00:03:15 (2250 turns).

mhtbhm the Fencer (Minotaur Fighter)                Turns: 2250, Time: 00:03:15

Health: 0/125      AC: 19    Str: 25    XL:     11   Next: 55%
Magic:  8/8        EV: 14    Int:  1    God:    Makhleb [******]
Gold:   1657       SH: 15    Dex: 12    Spells: 10/10 levels left

rFire    . . .     SeeInvis .   a - +2 scimitar (holy)
rCold    . . .     Faith    .   c - +0 kite shield
rNeg     . . .     Spirit   .   b - +1 chain mail
rPois    .         Reflect  .   (helmet restricted)
rElec    .         Harm     .   o - +0 cloak
rCorr    .         Rampage  .   p - +0 pair of gloves
MR       .....     NoTele   +   w - +0 pair of boots
Stlth    ..........             (no amulet)
HPRegen  0.30/turn              r - +3 ring of dexterity
MPRegen  0.11/turn              s - +2 ring of evasion

@: lethally poisoned (0 -> -1)
A: retaliatory headbutt, horns 2, dopey 2, low mp 1, robust 1, evolution 1
a: Minor Destruction, Lesser Servant of Makhleb, Major Destruction, Greater
Servant of Makhleb, Renounce Religion


You were in the Dungeon.
You worshipped Makhleb.
Makhleb was exalted by your worship.
You visited 1 branch You collected 1657 gold pieces.

Inventory:

Hand Weapons
 a - a +2 scimitar of holy wrath (weapon)
Armour
 b - a +1 chain mail (worn)
 c - a +0 kite shield (worn)
 o - a +0 cloak (worn)
 p - a +0 pair of gloves (worn)
 w - a +0 pair of boots (worn)
Jewellery
 r - a +3 ring of dexterity (left hand)
 s - a +2 ring of evasion (right hand)
Wands
 n - a wand of acid (5)
Scrolls
 j - 4 scrolls of blinking
 l - 4 scrolls of remove curse
 m - 2 scrolls of amnesia
 t - 2 scrolls of enchant weapon
 u - a scroll of fear
 v - a scroll of identify
Potions
 d - a potion of might
 e - 11 potions of curing
 f - 4 potions of heal wounds
 g - a potion of haste
 h - 4 potions of magic
 i - a potion of berserk rage
 k - a potion of invisibility
 q - 2 potions of ambrosia


   Skills:
 + Level 15.8 Fighting
 + Level 17.5 Long Blades
 + Level 15.8 Armour
 + Level 7.3 Dodging
 + Level 1.2 Stealth
 + Level 16.4 Shields
 + Level 1.4 Evocations


You had 10 spell levels left.
You didn't know any spells.
Your spell library was empty.

Dungeon Overview and Level Annotations

Branches:
Dungeon (1/1)

Altars:
Cheibriados
Dithmenos
Elyvilon
Fedhas
Gozag
Hepliaklqana
Kikubaaqudgha
Makhleb
Nemelex Xobeh
Okawaru
Qazlal
Ru
Sif Muna
Trog
Uskayaw
Vehumet
Wu Jian
Xom
Yredelemnul
Zin
The Shining One
Beogh
Jiyva
Lugonu

Shops:
D (*}!


Innate Abilities, Weirdness & Mutations

You reflexively headbutt those who attack you in melee.
You have a pair of horns on your head.
You are very dopey. (Int -4)
Your magical capacity is low. (-10% MP)
You are robust. (+10% HP)
You evolve.


Message History

The orc high priest is moderately wounded.
You feel sick. The sun demon misses you. You furiously retaliate!
You headbutt the sun demon!
The orc high priest intones a terrible prayer.
The orc high priest hits you but does no damage.
Unknown command.
You slash the orc high priest! You headbutt the orc high priest.
The orc high priest is heavily wounded.
The sun demon barely misses you.
Unknown command.
You slash the orc high priest! You headbutt the orc high priest!
The orc high priest is almost dead.
You feel sick.
The orc high priest calls down the wrath of Beogh upon you.
Beogh smites you!
* * * LOW HITPOINT WARNING * * *
The sun demon hits you!
* * * LOW HITPOINT WARNING * * *
You are engulfed in flames!
You die...

▓▓▓▓▓▓▓▓▓▓▓▓▓▓▓▓▓▓▓▓▓▓▓▓
....ooo@3∩.∩.)))))...).[
▓▓▓▓▓▓▓▓▓▓▓▓▓▓▓▓▓▓▓▓▓▓▓▓▓▓▓▓▓▓▓▓▓
............................)....
▓▓▓▓▓▓▓▓▓▓▓▓▓▓▓▓▓▓▓▓▓▓▓▓▓▓▓▓▓▓▓▓▓
...'...[[[..'(.[........††.......
▓▓▓▓▓▓▓▓▓▓▓▓▓▓▓▓▓▓▓▓▓▓▓▓▓▓▓▓▓▓▓▓▓
.................................
▓▓▓▓▓▓▓▓▓▓▓▓▓▓▓▓▓▓▓▓▓▓▓▓▓▓▓▓▓▓▓▓▓
.'....).'..).).'[.(.).)..'_______


You could see an orc high priest, a sun demon (summoned) and 2 orcs.

Vanquished Creatures
  2 hydras (D)
  A centaur warrior (D)
  2 orc high priests (D)
  4 orc knights (D)
  4 orc sorcerers (D)
  A black mamba (D)
  A cane toad (D)
  A komodo dragon (D)
  4 tyrant leeches (D)
  A hippogriff (D)
  A blink frog (D)
  A yak (D)
  Eustachio (D)
  2 basilisks (D)
  3 vampire mosquitoes (D)
  A soldier ant (D)
  4 water moccasins (D)
  A porcupine (D)
  An ice beast (D)
  8 orc warriors (D)
  An ogre (D)
  A wolf (D)
  2 centaurs (D)
  5 bullfrogs (D)
  A hound (D)
  5 orc priests (D)
  5 orc wizards (D)
  2 white imps (D)
  11 orcs (D)
  2 bats (D)
  A bat zombie (D)
  A goblin (D)
  A giant cockroach zombie (D)
  A kobold (D)
  A rat (D)
84 creatures vanquished.

Notes
Turn   | Place    | Note
-------+----------+-------------------------------------------
     0 | D        | mhtbhm the Minotaur Fighter began the quest for the Orb.
     0 | D        | Reached XP level 1. HP: 19/19 MP: 0/0
    24 | D        | Noticed a centaur
    24 | D        | Noticed an ice beast
    24 | D        | Noticed a hound
    31 | D        | Killed a hound
    31 | D        | Reached skill level 5 in Fighting
    31 | D        | Reached skill level 3 in Long Blades
    31 | D        | Reached skill level 5 in Armour
    31 | D        | Reached skill level 5 in Shields
    31 | D        | Reached XP level 2. HP: 27/30 MP: 1/1
    31 | D        | Reached XP level 3. HP: 33/37 MP: 2/2
    38 | D        | Killed an ice beast
    38 | D        | Reached skill level 5 in Long Blades
    38 | D        | Reached XP level 4. HP: 44/47 MP: 3/3
    48 | D        | Killed a centaur
    48 | D        | Reached skill level 6 in Long Blades
    48 | D        | Reached skill level 1 in Dodging
    48 | D        | Reached XP level 5. HP: 25/53 MP: 4/4
    61 | D        | Found a roughly hewn altar of Beogh.
    61 | D        | Found a snail-covered altar of Cheibriados.
    61 | D        | Found a shadowy altar of Dithmenos.
    61 | D        | Found a white marble altar of Elyvilon.
    61 | D        | Found a blossoming altar of Fedhas.
    61 | D        | Found an opulent altar of Gozag.
    62 | D        | Found a hazy altar of Hepliaklqana.
    63 | D        | Found a viscous altar of Jiyva.
    64 | D        | Found an ancient bone altar of Kikubaaqudgha.
    65 | D        | Found a corrupted altar of Lugonu.
    66 | D        | Found a burning altar of Makhleb.
    67 | D        | Found a sparkling altar of Nemelex Xobeh.
    68 | D        | Found an iron altar of Okawaru.
    69 | D        | Found a stormy altar of Qazlal.
    70 | D        | Found a sacrificial altar of Ru.
    71 | D        | Found a shimmering blue altar of Sif Muna.
    72 | D        | Found a bloodstained altar of Trog.
    73 | D        | Found a hide-covered altar of Uskayaw.
    74 | D        | Became a worshipper of Makhleb the Destroyer
    75 | D        | Found a radiant altar of Vehumet.
    76 | D        | Found an ornate altar of the Wu Jian Council.
    77 | D        | Found a shimmering altar of Xom.
    78 | D        | Found a basalt altar of Yredelemnul.
    79 | D        | Found a glowing silver altar of Zin.
    80 | D        | Found a glowing golden altar of the Shining One.
    89 | D        | Found the +7 pair of quick blades "Gyre" and "Gimble"
                  | {protect}
   334 | D        | Noticed a centaur
   334 | D        | Noticed an ogre
   334 | D        | Noticed an orc warrior
   342 | D        | Killed an orc warrior
   342 | D        | Reached skill level 7 in Long Blades
   342 | D        | Reached XP level 6. HP: 62/62 MP: 5/5
   344 | D        | Reached * piety under Makhleb
   344 | D        | Reached skill level 8 in Long Blades
   351 | D        | Reached skill level 9 in Long Blades
   352 | D        | Reached ** piety under Makhleb
   468 | D        | Noticed a water moccasin
   468 | D        | Noticed an orc warrior
   468 | D        | Noticed a centaur warrior
   468 | D        | Noticed a komodo dragon
   468 | D        | Noticed a soldier ant
   473 | D        | Killed a soldier ant
   473 | D        | Reached skill level 10 in Shields
   473 | D        | Reached XP level 7. HP: 70/70 MP: 6/6
   480 | D        | Killed a komodo dragon
   480 | D        | Reached skill level 10 in Fighting
   480 | D        | Reached skill level 10 in Long Blades
   480 | D        | Reached skill level 10 in Armour
   490 | D        | Killed a centaur warrior
   490 | D        | Reached *** piety under Makhleb
   490 | D        | Reached skill level 12 in Long Blades
   490 | D        | Reached XP level 8. HP: 64/81 MP: 7/7
   504 | D        | Reached skill level 13 in Long Blades
   620 | D        | Gained mutation: You are dopey. (Int -2) [potion of
                  | mutation]
   620 | D        | Gained mutation: Your magical capacity is low. (-10% MP)
                  | [potion of mutation]
   620 | D        | Gained mutation: You evolve. [potion of mutation]
   621 | D        | Noticed a hippogriff
   621 | D        | Noticed a black mamba
   622 | D        | Noticed a cane toad
   626 | D        | Reached **** piety under Makhleb
   630 | D        | Killed a black mamba
   630 | D        | Reached skill level 14 in Long Blades
   630 | D        | Reached XP level 9. HP: 89/89 MP: 7/7
   648 | D        | Killed a cane toad
   648 | D        | Reached ***** piety under Makhleb
   648 | D        | Reached skill level 15 in Long Blades
   668 | D        | Noticed a five-headed hydra
   670 | D        | Noticed a seven-headed hydra
   855 | D        | Killed an 18-headed hydra
   855 | D        | Reached XP level 10. HP: 53/100 MP: 8/8
   861 | D        | Killed an 11-headed hydra
   866 | D        | Reached skill level 5 in Dodging
  1138 | D        | Gained mutation: You are very dopey. (Int -4) [evolution]
  1226 | D        | Reached ****** piety under Makhleb
  1228 | D        | Reached skill level 16 in Long Blades
  1576 | D        | Noticed Eustachio
  1592 | D        | Killed Eustachio
  1649 | D        | Noticed an orc sorcerer
  1668 | D        | Gained mutation: You are robust. (+10% HP) [evolution]
  1672 | D        | Killed an orc sorcerer
  1672 | D        | Reached skill level 15 in Shields
  1877 | D        | Noticed an orc knight
  1885 | D        | Noticed an orc knight
  1892 | D        | Killed an orc knight
  1892 | D        | Reached XP level 11. HP: 108/122 MP: 8/8
  1899 | D        | Noticed an orc knight
  1902 | D        | Reached skill level 15 in Armour
  1915 | D        | Killed an orc knight
  1924 | D        | Killed an orc knight
  1929 | D        | Reached skill level 15 in Fighting
  1934 | D        | Reached skill level 1 in Stealth
  2173 | D        | Found Heysh's Distillery.
  2173 | D        | Noticed an orc knight
  2173 | D        | Noticed an orc high priest
  2173 | D        | Noticed an orc high priest
  2173 | D        | Noticed an orc sorcerer
  2181 | D        | Killed an orc sorcerer
  2181 | D        | Reached skill level 17 in Long Blades
  2185 | D        | Killed an orc high priest
  2195 | D        | Noticed an orc sorcerer
  2196 | D        | Killed an orc high priest
  2196 | D        | Reached skill level 1 in Evocations
  2200 | D        | Killed an orc knight
  2201 | D        | Found Daum's Gadget Shop.
  2201 | D        | Paralysed by an orc sorcerer for 4 turns
  2210 | D        | Killed an orc sorcerer
  2222 | D        | Found Naytakk's Assorted Antiques.
  2226 | D        | Found Cemyuschu's Antique Weapon Shop.
  2228 | D        | Noticed an orc sorcerer
  2230 | D        | Noticed an orc high priest
  2234 | D        | Noticed a sun demon
  2238 | D        | Killed an orc sorcerer
  2246 | D        | Noticed a sun demon
  2250 | D        | Slain by a sun demon

Illustrated notes

Levels and vault maps discovered:
D:        linesprint [early_d, line_temple, items_1, d_10, items_2, lair_1,
          lair_end, items_3, orc_1, orc_end, items_4, d_15, swamp_1, shoals_1,
          snake_1, spider_1, d_20, vaults_1, items_5, swamp_end, shoals_end,
          snake_end, spider_end, vaults_end, d_27, items_6, zot_1, zot_end,
          crypt_end, forest_end, elf_end, slime_end, tomb_end, abyss_end,
          pan_hell_end]

Skill      XL: |  1  2  3  4  5  6  7  8  9 10 11 |
---------------+----------------------------------+-----
Fighting       | 5 7 8 9 10 11 12 14 15 | 15.8
Armour         | 5 6 7 8 9 10 11 12 14 15 | 15.8
Shields        | 5 7 8 9 10 11 12 13 15 16 | 16.4
Long Blades    | 3 5 6 7 9 12 14 15 16 17 | 17.5
Dodging        | 1 2 3 4 6 7 |  7.3
Stealth        | 1 |  1.2
Evocations     | 1 |  1.4

Action                   |  1- 3 |  4- 6 |  7- 9 | 10-12 || total
-------------------------+-------+-------+-------+-------++-------
Melee: Long sword        |    27 |    11 |       |       ||    38
       Headbutt          |     4 |     6 |    30 |    50 ||    90
       Scimitar          |       |    19 |    88 |   217 ||   324
Evoke: Wand              |       |       |       |     5 ||     5
  Use: Potion            |       |       |     2 |       ||     2
Armor: Scale mail        |    10 |     5 |       |       ||    15
       Chain mail        |       |     4 |    47 |    24 ||    75
Dodge: Dodged            |     5 |    12 |    31 |    42 ||    90
Block: Kite shield       |    17 |    17 |    57 |    62 ||   153
       Rpst.: Long sword |     1 |     2 |       |       ||     3
       Scimitar          |       |     2 |     3 |    11 ||    16

Table legend: (Time is in decaauts)
 A = Elapsed time spent in this place.
 B = Non-inter-level travel time spent in this place.
 C = Inter-level travel time spent in this place.
 D = Time resting spent in this place.
 E = Time spent auto-exploring this place.
 F = Levels seen in this place.
 G = Mean time per level.
                   A        B        C        D        E       F      G
               +--------+--------+--------+--------+--------+-----+--------+
         Total |   2186 |   2186 |      0 |    932 |    466 |   1 | 2186.0 |
       Dungeon |   2186 |   2186 |      0 |    932 |    466 |   1 | 2186.0 |
               +--------+--------+--------+--------+--------+-----+--------+

Top non-repeatable levels by time:
       D: 2186 daAuts
